 Dungeon Crawl Stone Soup version 0.25.1-2-g60ff931df9 (webtiles) character file.

Game seed: 17420823301989045357

113 Delamore the Cudgeler (level 4, 0/28 HPs)
             Began as a Gargoyle Fighter on Aug 20, 2020.
             Killed from afar by Natasha (6 damage)
             ... with a magic dart
             ... on level 2 of the Dungeon.
             The game lasted 00:02:02 (1982 turns).

Delamore the Cudgeler (Gargoyle Fighter)            Turns: 1982, Time: 00:02:03

Health: 0/28       AC: 12    Str: 21    XL:     4   Next: 96%
Magic:  4/4        EV:  5    Int:  8    God:
Gold:   81         SH: 14    Dex:  9    Spells: 3/3 levels left

rFire    . . .     SeeInvis .   a - +0 flail
rCold    . . .     Gourm    .   c - +0 kite shield
rNeg     + . .     Faith    .   m - +0 chain mail
rPois    ∞         Spirit   .   (no helmet)
rElec    +         Reflect  +   (no cloak)
rCorr    .         Harm     .   (no gloves)
MR       .....                  (no boots)
Stlth    ..........             n - amulet of reflection
HPRegen  0.09/turn              (no ring)
MPRegen  0.09/turn              (no ring)

@: slowed, very slow
A: negative energy resistance 1, electricity resistance, unbreathing,
petrification resistance, rot immunity, AC +3
a: no special abilities


You were on level 2 of the Dungeon.
You were not hungry.

You visited 1 branch of the dungeon, and saw 3 of its levels.

You collected 81 gold pieces.

Inventory:

Hand Weapons
 a - a +0 flail (weapon)
Missiles
 k - 3 atropa-tipped darts (quivered)
 o - 6 silver javelins
Armour
 b - a +0 scale mail
 c - a +0 kite shield (worn)
 m - a +0 chain mail (worn)
Jewellery
 n - an amulet of reflection (around neck)
Scrolls
 i - 2 scrolls of identify {unknown}
 j - a scroll of immolation {unknown}
 p - a scroll of teleportation {unknown}
 q - 2 scrolls of remove curse {unknown}
 r - a scroll of magic mapping {unknown}
Potions
 d - 2 potions of might
 e - a potion of lignification
 l - a potion of stabbing {unknown}
 t - a potion of berserk rage {unknown}
Comestibles
 f - 6 rations


   Skills:
 - Level 3.2 Fighting
 + Level 5.0 Maces & Flails
 - Level 3.2 Armour
 - Level 3.2 Shields


You had 3 spell levels left.
You didn't know any spells.
Your spell library was empty.

Dungeon Overview and Level Annotations

Branches:
Dungeon (3/15)

Altars:
Ashenzari

Annotations:
D:2 Natasha


Innate Abilities, Weirdness & Mutations

You are resistant to torment.
Your stone body is resilient. (AC +3)
You are immune to poison.
You resist negative energy. (rN+)
You are resistant to electric shocks. (rElec)
You can survive without breathing.
You are immune to petrification.
You are immune to rotting.


Message History

You are too injured to fight recklessly!
You are too injured to fight recklessly!
You are too injured to fight recklessly!
You are too injured to fight recklessly!
You are too injured to fight recklessly!
You are too injured to fight recklessly!
You are too injured to fight recklessly!
You are too injured to fight recklessly!
You are too injured to fight recklessly!
You are too injured to fight recklessly!
You hit Natasha.
Natasha is severely wounded.
Natasha closely misses you. The white imp gestures at you.
The puff of frost hits you.
* * * LOW HITPOINT WARNING * * *
You block the crimson imp's attack. Natasha casts a spell at you.
The magic dart hits you.
You die...

#.....#......###### #####...##
#.........)..## #.........
................########........>
........#.....#.#....##..........
..#####.......#†#................
## .............................
.............................
###..##....h.......)...######
#..<.....5@......##...#
#....#......5..#..####>.. .. .
#..###.............## ....
#...††....### ..
#...#...........# #.
................
.................
##.........####......#
...........##....#..#


You could see Natasha (strong), a crimson imp (summoned) and a white imp
(summoned).

Vanquished Creatures
  Natasha (D:2)
  An adder (D:3)
  An ooze (D:1)
  2 dart slugs
  2 leopard geckos
  An orc (D:3)
  2 ball pythons
  3 giant cockroaches
  5 goblins
  5 hobgoblins
  12 jackals
  8 bats
  7 frilled lizards
  6 kobolds
  8 rats
64 creatures vanquished.

Notes
Turn   | Place    | Note
-------+----------+-------------------------------------------
     0 | D:1      | Delamore the Gargoyle Fighter began the quest for the Orb.
     0 | D:1      | Reached XP level 1. HP: 14/14 MP: 1/1
    87 | D:1      | Reached XP level 2. HP: 8/19 MP: 2/2
   381 | D:1      | Reached skill level 3 in Maces & Flails
   579 | D:1      | Found a shattered altar of Ashenzari.
   587 | D:1      | Reached XP level 3. HP: 20/23 MP: 3/3
  1098 | D:2      | You fall into a shaft and drop 1 floor!
  1309 | D:3      | Reached skill level 4 in Maces & Flails
  1628 | D:2      | Reached XP level 4. HP: 28/28 MP: 4/4
  1834 | D:2      | Noticed Natasha
  1878 | D:2      | Killed Natasha
  1935 | D:2      | Reached skill level 5 in Maces & Flails
  1974 | D:2      | Noticed Natasha
  1982 | D:2      | Killed from afar by Natasha

Illustrated notes

Levels and vault maps discovered:
D:1:      erik_arrival_cave_to_civilisation [erik_arrival_cave_to_hall],
          layout_basic, ashenzari_altar_1
D:2:      layout_rooms, old_standard_altar, gammafunk_temple_overflow_pools,
          minmay_pentomino_w4, uniq_robin, uniq_natasha, uniq_terence
D:3:      layout_basic, kennysheep_nondescript

Skill      XL: |  1  2  3  4 |
---------------+-------------+-----
Maces & Flails | 3 4 5 |  5.0
Fighting       | |  3.2
Armour         | |  3.2
Shields        | |  3.2

Action                   |  1- 3 |  4- 6 || total
-------------------------+-------+-------++-------
Melee: Flail             |   184 |   137 ||   321
  Use: Potion            |       |     3 ||     3
  Eat: Chunk             |     2 |     2 ||     4
Armor: Scale mail        |    97 |       ||    97
       Chain mail        |    11 |   102 ||   113
       Skin              |       |    18 ||    18
Dodge: Dodged            |    56 |    45 ||   101
Block: Kite shield       |   112 |   191 ||   303
       Reflection        |       |     1 ||     1
